 Dungeon Crawl Stone Soup version 0.17.0-28-g6e173f8 (webtiles) character file.

84 shane the Skirmisher (level 4, 0/38 HPs)
             Began as a Demonspawn Wanderer on Dec 2, 2015.
             Slain by Crazy Yiuf
             ... wielding a +3 quarterstaff of chaos
              (5 damage)
             ... while paralysed by Crazy Yiuf
             ... on level 2 of the Dungeon.
             The game lasted 00:08:10 (1395 turns).

shane the Skirmisher (Demonspawn Wanderer)          Turns: 1395, Time: 00:08:10

Health: 0/38       AC: 11    Str: 11    XL:     4   Next: 23%
Magic:  4/4        EV:  2    Int: 13    God:
Gold:   50         SH:  0    Dex: 13    Spells: 0 memorised, 3 levels left

rFire  . . .     SeeInvis .     b - +0 mace
rCold  . . .     Clarity  .     a - +2 scale mail
rNeg   . . .     SustAt   .     (no shield)
rPois  .         Gourm    .     (no helmet)
rElec  .         Spirit   .     (no cloak)
rCorr  .         Warding  .     (no gloves)
rMut   .         Stasis   .     (no boots)
MR     .....                    (no amulet)
Stlth  ..........               (no ring)
                                (no ring)

@: paralysed, drained, not resistant to hostile enchantments, extremely
unstealthy
A: molten scales 2, blurry vision 1, weak 1
a: no special abilities


You were on level 2 of the Dungeon.
You were near starving.

You visited 1 branch of the dungeon, and saw 2 of its levels.

You collected 50 gold pieces.

Inventory:

Hand Weapons
 b - a +0 mace (weapon)
 e - a -3 mace
Missiles
 j - 27 stones (quivered)
Armour
 a - a +2 scale mail (worn)
Scrolls
 c - a scroll of enchant armour {unknown}
 f - 2 scrolls of remove curse
 o - 3 scrolls of fog {unknown}
Potions
 h - a potion of magic
 k - a potion of invisibility
 m - a potion of lignification
Comestibles
 d - 4 bread rations
 g - 2 meat rations
 l - 4 fruits


   Skills:
 * Level 4.7(4.5) Fighting
 - Level 1.7(1.5) Maces & Flails
 - Level 2.6(2.4) Armour
 + Level 1.3(1.1) Dodging
 - Level 1.0(0.7) Stealth
   Level 1.0(0.7) Shields


You had 3 spell levels left.
You didn't know any spells.

Dungeon Overview and Level Annotations

Branches:
Dungeon (2/15)

Altars:

Annotations:
D:2 Crazy Yiuf


Innate Abilities, Weirdness & Mutations

You are mostly covered in molten scales (AC +3, EV -1).
Scrolls take you a little longer to read.
You are weak. (Str -2)


Message History

Crazy Yiuf is lightly wounded.
Crazy Yiuf closely misses you. Crazy Yiuf misses you.
You barely miss Crazy Yiuf.
Crazy Yiuf is lightly wounded.
Crazy Yiuf waves his quarterstaff at you.
Crazy Yiuf completely misses you.
You sock Crazy Yiuf!
Crazy Yiuf is heavily wounded.
Crazy Yiuf hits you but does no damage.
You feel drained.
Crazy Yiuf flaps his cloak.
Crazy Yiuf hits you but does no damage.
You suddenly lose the ability to move!
Crazy Yiuf hits you with a quarterstaff of chaos. x2
Crazy Yiuf freezes you.
Crazy Yiuf hits you with a quarterstaff of chaos.
* * * LOW HITPOINT WARNING * * *
Crazy Yiuf burns you.
* * * LOW HITPOINT WARNING * * *
Crazy Yiuf hits you but does no damage.
Crazy Yiuf hits you with a quarterstaff of chaos.
You die...

########..........#
....#.......†.....#
...........########
.<.........#
...........# #####
...........# #..)#
...........# #...#
...........# #g..#
...........# #@#
###.. ....#......#
♣♣.♣ #.....#
###.###....# ♣.♣♣
#####.#...#
...........# ♣♣.♣
##.....#....
......##.#.# ♣.♣♣
#......#....
......##...# ♣♣.♣♣
#...........
.........### ♣.♣.♣♣
#...........
#....###.# ♣...)♣
#........... ....##
#.### #....#
#..........#


You could see Crazy Yiuf.

Vanquished Creatures
  Ijyb (D:2)
  An adder (D:2)
  A worm (D:2)
  2 giant geckos (D:1)
  6 bats
  3 giant cockroaches
  3 goblins
  7 hobgoblins
  2 jackals (D:2)
  6 kobolds
  3 giant newts (D:1)
  6 rats (D:1)
41 creatures vanquished.

Vanquished Creatures (others)
  A giant newt (D:2)
1 creature vanquished.

Grand Total: 42 creatures vanquished

Notes
Turn   | Place    | Note
--------------------------------------------------------------
     0 | D:1      | shane the Demonspawn Wanderer began the quest for the Orb.
     0 | D:1      | shane set off with: a +2 scale mail, a +0 mace, a potion of curing, a bread ration
     0 | D:1      | Reached XP level 1. HP: 18/18 MP: 1/1
    97 | D:1      | Gained mutation: You are partially covered in molten scales (AC +1). [demonic ancestry]
    97 | D:1      | Reached XP level 2. HP: 21/24 MP: 2/2
   375 | D:1      | Reached skill level 4 in Fighting
   745 | D:1      | Reached XP level 3. HP: 30/30 MP: 3/3
   907 | D:2      | Reached skill level 1 in Dodging
  1168 | D:2      | Noticed Ijyb
  1188 | D:2      | Killed Ijyb
  1188 | D:2      | Gained mutation: You are mostly covered in molten scales (AC +3, EV -1). [demonic ancestry]
  1188 | D:2      | Reached XP level 4. HP: 22/38 MP: 4/4
  1283 | D:2      | Gained mutation: You are weak. (Str -2) [potion of mutation]
  1283 | D:2      | Gained mutation: Scrolls take you a little longer to read. [potion of mutation]
  1384 | D:2      | Noticed Crazy Yiuf
  1391 | D:2      | Paralysed by Crazy Yiuf for 7 turns
  1395 | D:2      | Slain by Crazy Yiuf

Action                   |  1- 3 |  4- 6 || total
-------------------------+-------+-------++-------
Melee: Mace              |   127 |    22 ||   149
  Use: Potion            |     1 |     4 ||     5
       Scroll            |       |     5 ||     5
